 Dungeon Crawl Stone Soup version 0.32-a0-900-g30fb1b0edc (webtiles) character file.

Game seed: 9411204703683289932

481 RBrandon the Twirler (level 6, -6/52 HPs)
             Began as a Mountain Dwarf Fighter on Apr 5, 2024.
             Mangled by an ogre
             ... wielding a +0 giant spiked club
              (26 damage)
             ... on level 5 of the Dungeon.
             The game lasted 00:03:06 (2623 turns).

RBrandon the Twirler (Mountain Dwarf Fighter)       Turns: 2623, Time: 00:03:07

Health: -6/52      AC: 10    Str: 21    XL:     6   Next: 87%
Magic:  6/6        EV:  7    Int: 11    God:
Gold:   216        SH:  0    Dex:  9    Spells: 5/5 levels left

rFire   . . .        w - +8 quarterstaff of Voracious Absolution {drain, rC+ Int+3}
rCold   + . .        (shield currently unavailable)
rNeg    . . .        o - +0 chain mail
rPois   .            m - +0 helmet
rElec   .            (no cloak)
rCorr   .            (no gloves)
SInv    .            (no boots)
Will    .....        (no amulet) Stlth
                     (no ring)
HPRegen 0.28/turn    (no ring)
MPRegen 0.10/turn

%: no passive effects
@: no status effects
A: runic magic, artefact enchanting
a: no special abilities


You were on level 5 of the Dungeon.
You visited 1 branch of the dungeon, and saw 5 of its levels.

You collected 216 gold pieces.

Inventory:

Hand Weapons
 a - a +0 war axe
 w - the +8 quarterstaff of Voracious Absolution (weapon) {drain, rC+ Int+3}
   (You found it on level 4 of the Dungeon)

   Int+3:     It affects your intelligence (+3).
   rC+:       It protects you from cold.
Armour
 b - a +0 scale mail
 c - a +0 buckler
 m - a +0 helmet (worn)
 o - a +0 chain mail (worn)
Jewellery
 i - a +6 ring of dexterity
 B - an amulet of faith
Wands
 z - a wand of flame (16)
Scrolls
 f - 2 scrolls of butterflies {unknown}
 j - a scroll of noise {unknown}
 l - a scroll of fear {unknown}
 n - 4 scrolls of poison {unknown}
 p - a scroll of enchant armour {unknown}
 r - 2 scrolls of blinking {unknown}
 s - a scroll of fog {unknown}
 t - 3 scrolls of teleportation {unknown}
 u - 3 scrolls of identify {unknown}
 v - 2 scrolls of enchant weapon {unknown}
 y - a scroll of immolation {unknown}
 A - a scroll of brand weapon {unknown}
Potions
 d - 2 potions of might
 e - a potion of haste {unknown}
 g - 2 potions of brilliance {unknown}
 h - 2 potions of curing {unknown}
 k - a potion of lignification {unknown}
 q - 3 potions of magic {unknown}
 x - a potion of cancellation {unknown}


   Skills:
 - Level 3.9 Fighting
 - Level 4.1 Axes
 + Level 6.4 Staves
 - Level 3.9 Armour
 - Level 3.3 Shields


You had 5 spell levels left.
You didn't know any spells.
Your spell library contained the following spells:

 Spells                   Type           Power      Damage    Failure   Level
 Shock                    Conj/Air       0%         1d3       50%         1
 Call Imp                 Summ           0%         N/A       65%         2
 Sublimation of Blood     Necr           0%         N/A       65%         2
 Swiftness                Air            0%         N/A       86%         3
 Airstrike                Air            0%         2d(0-16)  99%         4
 Animate Dead             Necr           0%         N/A       99%         4
 Leda's Liquefaction      Alch/Erth      0%         N/A       99%         4
 Lee's Rapid Deconstruct  Erth           0%         3d4*      100%        5
 Permafrost Eruption      Ice/Erth       0%         2x4d1     100%        6
 Haunt                    Necr/Summ      0%         N/A       100%        7
 Summon Hydra             Summ           0%         N/A       100%        7
 Infestation              Necr           0%         N/A       100%        8


Dungeon Overview and Level Annotations

Branches:
Dungeon (5/15)             Temple (0/1) D:5

Altars:
Ashenzari
Gozag
Kikubaaqudgha
Trog
Wu Jian
Xom
Zin

Shops:
D:3 [[[**

Annotations:
D:3 1 runed translucent door, Crazy Yiuf
D:4 2 transporters, dragonking145's ghost, novice DrBe


Innate Abilities, Weirdness & Mutations

Your spellcasting is much less encumbered by armour.
You can use scrolls of enchantment on lesser artefacts.


Message History

You sock the hound!
You kill the hound!
No target in view!
You see here a hound corpse.
There is an escape hatch in the ceiling here.
Found an opulent altar of Gozag.
You now have 203 gold pieces (gained 2).
You now have 204 gold pieces (gained 1).
You now have 206 gold pieces (gained 2).
You now have 208 gold pieces (gained 2).
You now have 210 gold pieces (gained 2).
You now have 212 gold pieces (gained 2).
You now have 214 gold pieces (gained 2).
You now have 216 gold pieces (gained 2).
There is a stone staircase leading down here.
A hound comes into view.
The hound barks!
A hound is nearby!
An ogre comes into view. It is wielding a +0 giant spiked club.
The hound bites you but does no damage.
You sock the hound! You drain the hound.
You kill the hound!
A sleepcap comes into view.
You sock the ogre!
The ogre is heavily wounded.
The ogre hits you with a +0 giant spiked club!!
Ouch! That really hurt!
* * * LOW HITPOINT WARNING * * *
You are too injured to fight recklessly!
You barely miss the ogre.
The ogre is heavily wounded.
The ogre hits you with a +0 giant spiked club.
* * * LOW HITPOINT WARNING * * *
You completely miss the ogre.
The ogre is heavily wounded.
You hit the ogre.
The ogre is heavily wounded.
The ogre hits you with a +0 giant spiked club!!
Ouch! That really hurt!
You die...

..###.###.#.#.... ...
#.......# #.. ##
###.##### + #.# # #.#
#.## #.####### .....
#.#.....#
#.....########.#.######
#....fO@....>..#.#....#
......######...#.#....#
#.... #.>.#.#..#.##
#### #..)..#..#...
##...........
######...##. #......
##..##. #..##.


You could see an ogre and a sleepcap.

Vanquished Creatures
  Menkaure (D:5)
  An ogre (D:5)
  A phantom (D:4)
  2 hounds (D:5)
  2 iguanas
  2 adders
  A dart slug (D:3)
  A ribbon worm (D:4)
  3 bat zombies (D:3)
  5 endoplasms
  4 giant cockroaches
  8 goblins
  6 hobgoblins
  3 jackals (D:4)
  2 quokkas
  13 ball pythons
  9 bats
  2 frilled lizards (D:1)
  2 frilled lizard zombies (D:3)
  A kobold (D:3)
  10 rats
79 creatures vanquished.

Notes
Turn   | Place    | Note
-------+----------+-------------------------------------------
     0 | D:1      | RBrandon the Mountain Dwarf Fighter began the quest for the
                  | Orb.
     0 | D:1      | Reached XP level 1. HP: 19/19 MP: 1/1
   172 | D:1      | Reached XP level 2. HP: 23/26 MP: 2/2
   237 | D:1      | You fall into a shaft and drop 1 floor!
   454 | D:2      | Reached XP level 3. HP: 31/31 MP: 3/3
   837 | D:3      | Found Biger's General Store.
   862 | D:3      | Found Utox's Armour Emporium.
   862 | D:3      | Found Duhoc's Assorted Antiques.
   918 | D:3      | Found a broken altar of Ashenzari.
   943 | D:3      | Found a glowing silver altar of Zin.
   943 | D:3      | Noticed an angel
   998 | D:3      | Found Pewir's Antique Armour Boutique.
  1091 | D:3      | Found Ecoat's Armour Shoppe.
  1140 | D:3      | Found an ancient bone altar of Kikubaaqudgha.
  1276 | D:3      | Reached XP level 4. HP: 38/40 MP: 4/4
  1465 | D:3      | Found a runed translucent door.
  1466 | D:3      | Noticed Crazy Yiuf
  1496 | D:4      | Identified the +8 quarterstaff of Voracious Absolution
                  | {drain, rC+ Int+3}
  1647 | D:4      | Reached skill level 1 in Staves
  1659 | D:4      | Reached skill level 2 in Staves
  1703 | D:4      | Found a transporter.
  1717 | D:4      | Noticed dragonking145's ghost (novice DrBe)
  1723 | D:4      | Found a transporter.
  1780 | D:4      | Found an ornate altar of the Wu Jian Council.
  1782 | D:4      | Found a bloodstained altar of Trog.
  1865 | D:4      | Noticed a phantom
  1876 | D:4      | Killed a phantom
  1877 | D:4      | Reached skill level 3 in Staves
  1877 | D:4      | Reached XP level 5. HP: 41/46 MP: 5/5
  2143 | D:5      | Entered Level 5 of the Dungeon
  2154 | D:5      | Noticed an ogre
  2158 | D:5      | Killed an ogre
  2159 | D:5      | Reached skill level 4 in Staves
  2159 | D:5      | Reached XP level 6. HP: 52/52 MP: 6/6
  2167 | D:5      | Found a staircase to the Ecumenical Temple.
  2190 | D:5      | Noticed Menkaure
  2199 | D:5      | Killed Menkaure
  2200 | D:5      | Reached skill level 5 in Staves
  2427 | D:5      | Reached skill level 6 in Staves
  2445 | D:5      | Found a shimmering altar of Xom.
  2556 | D:5      | Found an opulent altar of Gozag.
  2623 | D:5      | Mangled by an ogre

Illustrated notes

Levels and vault maps discovered:
D:1:      wander_arrival_desolate, layout_basic,
          shapermc_ecumenical_altar_acropolis, st_stairs_11, skrybe_limestone_x,
          minmay_quantized
D:2:      kennysheep_six_static_rooms, layout_basic
D:3:      layout_rooms, zin_angel, lemuel_zombie_altar_kikubaaqudgha,
          old_standard_altar, serial_shops, nicolae_shop_crystal, shop, shop,
          nicolae_shop_just_a_little_nook, nicolae_shop_advertising_works
          [nicolae_subvault_shop_adworks], kennysheep_big_empty_room,
          uniq_crazy_yiuf_cottage
D:4:      layout_gridville, nicolae_overflow_hidden_temple,
          gammafunk_ghost_stat_death
D:5:      layout_loops_cross, nicolae_gozag_seed_capital, marbit_many_paths,
          minmay_temple_entry_offerings, hellmonk_no_cap, uniq_menkaure

Skill      XL: |  1  2  3  4  5  6 |
---------------+-------------------+-----
Axes           | 3 4 |  4.1
Staves         | 3 4 6 |  6.4
Fighting       | |  3.9
Armour         | |  3.9
Shields        | |  3.3

Action                     |  1- 3 |  4- 6 || total
---------------------------+-------+-------++-------
  Melee: War axe           |   137 |    14 ||   151
         Quarterstaff      |       |    50 ||    50
 Armour: Scale mail        |    37 |       ||    37
         Chain mail        |   102 |    70 ||   172
  Dodge: Dodged            |    57 |    29 ||    86
  Block: Buckler           |    39 |     3 ||    42

Table legend: (Time is in decaauts)
 A = Elapsed time spent in this place.
 B = Non-inter-level travel time spent in this place.
 C = Inter-level travel time spent in this place.
 D = Time resting spent in this place.
 E = Time spent auto-exploring this place.
 F = Levels seen in this place.
 G = Mean time per level.
                   A        B        C        D        E       F      G
               +--------+--------+--------+--------+--------+-----+--------+
         Total |   2682 |   2579 |    103 |      0 |   2005 |   5 |  536.4 |
       Dungeon |   2682 |   2579 |    103 |      0 |   2005 |   5 |  536.4 |
               +--------+--------+--------+--------+--------+-----+--------+

Top non-repeatable levels by time:
     D:3: 689 daAuts
     D:4: 658 daAuts
     D:2: 608 daAuts
     D:5: 480 daAuts
     D:1: 246 daAuts

Levels and vault maps discovered:
D:1:      wander_arrival_desolate, layout_basic,
          shapermc_ecumenical_altar_acropolis, st_stairs_11, skrybe_limestone_x,
          minmay_quantized
D:2:      kennysheep_six_static_rooms, layout_basic
D:3:      layout_rooms, zin_angel, lemuel_zombie_altar_kikubaaqudgha,
          old_standard_altar, serial_shops, nicolae_shop_crystal, shop, shop,
          nicolae_shop_just_a_little_nook, nicolae_shop_advertising_works
          [nicolae_subvault_shop_adworks], kennysheep_big_empty_room,
          uniq_crazy_yiuf_cottage
D:4:      layout_gridville, nicolae_overflow_hidden_temple,
          gammafunk_ghost_stat_death
D:5:      layout_loops_cross, nicolae_gozag_seed_capital, marbit_many_paths,
          minmay_temple_entry_offerings, hellmonk_no_cap, uniq_menkaure

Table legend: (Time is in decaauts)
 A = Elapsed time spent in this place.
 B = Non-inter-level travel time spent in this place.
 C = Inter-level travel time spent in this place.
 D = Time resting spent in this place.
 E = Time spent auto-exploring this place.
 F = Levels seen in this place.
 G = Mean time per level.
                   A        B        C        D        E       F      G
               +--------+--------+--------+--------+--------+-----+--------+
         Total |   2682 |   2579 |    103 |      0 |   2005 |   5 |  536.4 |
       Dungeon |   2682 |   2579 |    103 |      0 |   2005 |   5 |  536.4 |
               +--------+--------+--------+--------+--------+-----+--------+

Top non-repeatable levels by time:
     D:3: 689 daAuts
     D:4: 658 daAuts
     D:2: 608 daAuts
     D:5: 480 daAuts
     D:1: 246 daAuts

Table legend:
 A = Kills in this place as a percentage of kills in the entire game.
 B = Kills by you in this place as a percentage of kills by you in the entire game.
 C = Kills by friends in this place as a percentage of kills by friends in the entire game.
 D = Other kills in this place as a percentage of other kills in the entire game.
 E = Experience gained in this place as a percentage of experience gained in the entire game.
 F = Experience gained in this place divided by the number of levels of this place that you have seen.
                   A       B       C       D       E      F
               +-------+-------+-------+-------+-------+----------------------
         Total | 100.0 | 100.0 |   N/A |   N/A | 100.0 | 137.6
       Dungeon | 100.0 | 100.0 |   N/A |   N/A | 100.0 | 137.6
               +-------+-------+-------+-------+-------+----------------------
